 Dungeon Crawl Stone Soup version 0.29.1-1-gd02db69 (webtiles) character file.

Game seed: 16948504351535011250

193 Timinator the Insei (level 5, -3/40 HPs)
             Began as a Demigod Transmuter on Dec 23, 2022.
             Slain by a kobold
             ... wielding a +0 club
              (6 damage)
             ... on level 4 of the Dungeon.
             The game lasted 00:08:55 (3832 turns).

Timinator the Insei (Demigod Transmuter)            Turns: 3832, Time: 00:08:56

Health: -3/40      AC:  4    Str: 11      XL:     5   Next: 19%
Magic:  10/11      EV: 12    Int: 15      God:
Gold:   105        SH:  5    Dex: 17 (18) Spells: 7/8 levels left

rFire   . . .      SeeInvis .     - Unarmed
rCold   . . .      Faith    .   (no shield)
rNeg    . . .      Spirit   .   l - +0 leather armour
rPois   .          Reflect  +   (helmet currently unavailable)
rElec   .          Harm     .   a - +0 cloak
rCorr   .          Rampage  .   (no gloves)
Will    .....                   (boots currently unavailable)
Stlth   +.........              o - amulet of reflection
HPRegen 0.13/turn               (no ring)
MPRegen 0.12/turn               (no ring)

@: appendages, flying, hasted, very quick
A: horns 2, talons 2, high MP 1, forlorn, divine attributes
a: End Transformation


You were on level 4 of the Dungeon.
You had temporarily grown beastly horns and talons.
You visited 1 branch of the dungeon, and saw 4 of its levels.

You collected 105 gold pieces.

Inventory:

Armour
 a - a +0 cloak (worn)
 d - a +1 pair of boots (melded)
 h - a +0 ring mail
 l - a +0 leather armour (worn)
Jewellery
 o - an amulet of reflection (around neck)
Scrolls
 f - a scroll of teleportation
 g - a scroll of magic mapping
 k - 2 scrolls of amnesia


   Skills:
 * Level 1.6 Fighting
 * Level 1.7 Armour
 * Level 2.7 Dodging
 - Level 0.1 Shields
 + Level 3.3 Unarmed Combat
 + Level 2.2 Spellcasting
 * Level 2.9 Transmutations


You had 7 spell levels left.
You knew the following spells:

 Your Spells              Type           Power      Damage    Failure   Level
a - Beastly Appendage     Tmut           20%        N/A       9%          1

Your spell library contained the following spells:

 Spells                   Type           Power      Damage    Failure   Level
 Wereblood                Tmut           10%        N/A       13%         2
 Freeze                   Ice            4%         1d3       28%         1
 Spider Form              Tmut/Pois      6%         N/A       43%         3
 Dazzling Flash           Conj/Hex       2%         N/A       65%         3
 Ice Form                 Ice/Tmut       6%         N/A       83%         4
 Iskenderun's Mystic Bla  Conj/Tloc      1%         2d3       96%         4
 Starburst                Conj/Fire      0%         6d3       100%        6


Dungeon Overview and Level Annotations

Branches:
Dungeon (4/15)
 Temple: D:4-7


Innate Abilities, Weirdness & Mutations

You have temporarily grown beastly horns and talons.
You have an increased reservoir of magic. (+10% MP)
You shall have no god before yourself.
Your divine heritage dramatically boosts your attributes as you level up.


Message History

The hound misses you.
Casting: Beastly Appendage (safe; 9% risk of failure)
Confirm with . or Enter, or press ? or * to list all spells.
You grow a pair of large bovine horns.
Your feet morph into talons.
Your +1 pair of boots melds into your body.
You block the hound's attack.
You miss the hound.
The hound is heavily wounded.
The hound bites you but does no damage.
You barely miss the hound. You claw the hound, but do no damage.
The hound is heavily wounded.
The hound misses you.
You feel better. The hound bites you but does no damage.
You closely miss the hound. Your kick misses the hound. You headbutt the hound.
The hound is heavily wounded.
The hound bites you.
* * * LOW HITPOINT WARNING * * *
The kobold rages.
You closely miss the hound. You claw the hound, but do no damage.
The hound is heavily wounded.
The hound bites you.
* * * LOW HITPOINT WARNING * * *
You hit the hound.
The hound is almost dead.
The hound barely misses you.
You closely miss the hound. Your kick misses the hound.
The hound is almost dead.
The hound bites you.
* * * LOW HITPOINT WARNING * * *
You completely miss the hound. You claw the hound.
The hound is almost dead.
The kobold rages.
The hound misses you.
You barely miss the hound. You claw the hound.
You kill the hound!
You feel your dexterity returning.
You barely miss the kobold. Your headbutt misses the kobold.
The kobold is moderately wounded.
The kobold hits you with a +0 club.
You die...

#..###..#.
#....!....
#.........
#......!.. ..
#....^(...
....##..###..#.
.............#
....###K##...#
....###@##...#.
...............
........###....
...#...<....##.
..........>....
...............
...............
..###......##.#
.. #....... .


You could see a kobold (berserk).

Vanquished Creatures
  A hound (D:4)
  Crazy Yiuf (D:3)
  7 adders
  A white imp (D:3)
  A worm (D:2)
  4 dart slugs
  3 bats
  3 endoplasms
  4 giant cockroaches
  5 goblins
  5 hobgoblins
  7 jackals (D:3)
  3 kobolds
  A quokka (D:2)
  2 ball pythons
  3 frilled lizards
  5 rats
56 creatures vanquished.

Vanquished Creatures (others)
  A fungus (D:2)
1 creature vanquished.

Grand Total: 57 creatures vanquished

Notes
Turn   | Place    | Note
-------+----------+-------------------------------------------
     0 | D:1      | Timinator the Demigod Transmuter began the quest for the
                  | Orb.
     0 | D:1      | Reached XP level 1. HP: 15/15 MP: 5/5
    64 | D:1      | Reached skill level 1 in Fighting
   429 | D:1      | Reached XP level 2. HP: 18/23 MP: 7/7
   617 | D:1      | Reached skill level 3 in Unarmed Combat
  1297 | D:2      | Reached XP level 3. HP: 26/28 MP: 6/8
  1693 | D:2      | Got Plato's Enchiridion on Frostbite
  1990 | D:3      | HP: 2/42 [white imp/puff of frost (10)]
  2584 | D:3      | Reached skill level 1 in Armour
  2584 | D:3      | Reached XP level 4. HP: 4/35 MP: 7/9
  2586 | D:3      | HP: 1/35 [poisoned by an adder]
  3034 | D:3      | Found a runed translucent door.
  3035 | D:3      | Noticed Crazy Yiuf
  3720 | D:3      | Killed Crazy Yiuf
  3802 | D:4      | Reached XP level 5. HP: 39/40 MP: 9/11
  3819 | D:4      | HP: 1/40 [kobold/+0 club (2)]
  3832 | D:4      | Slain by a kobold

Illustrated notes

Levels and vault maps discovered:
D:1:      spicycebolla_arrival_transporter_tutorial, layout_basic
D:2:      layout_basic, shapermc_ecumenical_altar_rom_forum
D:3:      layout_rooms, mainiacjoe_overflow_small_starburst,
          uniq_crazy_yiuf_cottage
D:4:      layout_basic, minmay_temple_entry_junction

Skill      XL: |  1  2  3 |
---------------+----------+-----
Fighting       | 1 |  1.6
Dodging        | 2 |  2.7
Transmutations | 2 |  2.9
Unarmed Combat | 3 |  3.3
Spellcasting   | 2 |  2.2
Armour         | 1 |  1.7
Shields        | |  0.1

Action                   |  1- 3 |  4- 6 || total
-------------------------+-------+-------++-------
Melee: Unarmed           |   145 |    91 ||   236
       Kick              |    31 |    25 ||    56
       Headbutt          |    13 |     9 ||    22
       Punch             |     1 |     2 ||     3
 Cast: Beastly Appendage |    26 |    17 ||    43
  Use: Scroll            |     3 |     4 ||     7
       Potion            |     2 |     5 ||     7
Armor: Robe              |    10 |       ||    10
       Leather armour    |    12 |    23 ||    35
       Skin              |     3 |       ||     3
Dodge: Dodged            |    85 |    56 ||   141
Block: Other             |     8 |    22 ||    30
       Reflection        |       |     1 ||     1
